 Dungeon Crawl Stone Soup version 0.30-a0-778-g2ef04afb54 (console) character file.

Game seed: 17864176444867400514

139 rlgrobin the Chopper (level 5, -9/45 HPs)
             Began as a Meteoran Fighter on Feb 17, 2023.
             Was a Follower of Zin.
             Mangled by an ogre
             ... wielding a +0 giant club
              (13 damage)
             ... on level 4 of the Dungeon.
             The game lasted 00:01:47 (312 turns).

rlgrobin the Chopper (Meteoran Fighter)              Turns: 312, Time: 00:01:47

Health: -9/45      AC:  8    Str: 19    XL:     5   Next: 75%
Magic:  6/6        EV:  9    Int: 10    God:    Zin [*.....]
Gold:   61         SH:  5    Dex: 13    Spells: 4/4 levels left

rFire   . . .      SeeInvis .    a - +0 war axe
rCold   + . .      Faith    .    c - +0 buckler
rNeg    . . .      Spirit   .    b - +0 scale mail
rPois   .          Reflect  .    g - +2 hat
rElec   .          Harm     .    (no cloak)
rCorr   .          Rampage  .    (no gloves)
Will    .....                    (no boots) Stlth
                                 f - amulet of magic regeneration
HPRegen 0.27/turn                h - ring of protection from cold
MPRegen 0.50/turn                (no ring)

@: mighty, glowing
A: sense surroundings 1, otherworldly, glowing, explore regen
a: Renounce Religion, Recite, Donate Gold


You were on level 4 of the Dungeon.
You worshipped Zin.
Zin was aware of your devotion.
You visited 1 branch of the dungeon, and saw 4 of its levels.

You collected 67 gold pieces.
You donated 6 gold pieces to Zin.

Inventory:

Hand Weapons
 a - a +0 war axe (weapon)
Armour
 b - a +0 scale mail (worn)
 c - a +0 buckler (worn)
 g - a +2 hat (worn)
Jewellery
 f - an amulet of magic regeneration (around neck)
 h - a ring of protection from cold (left hand)
Scrolls
 e - a scroll of identify {unknown}


   Skills:
 - Level 3.2 Fighting
 + Level 6.3 Axes
 - Level 3.6 Armour
 - Level 3.6 Shields


You had 4 spell levels left.
You didn't know any spells.
Your spell library was empty.

Dungeon Overview and Level Annotations

Branches:
Dungeon (4/15) Zot: 2069
 Temple: D:4-7

Altars:
Zin

Shops:
D:3 [


Innate Abilities, Weirdness & Mutations

You passively map a small area around you.
You are easily found by Zot.
You glow in the dark.
You regain HP and MP as you explore.


Message History

You block Edmund's attack.
You hit Edmund.
Edmund is moderately wounded.
You slash the white imp!
You kill the white imp!
Edmund hits you with a +2 dire flail of holy wrath! x2
* * * LOW HITPOINT WARNING * * *
You are too injured to fight recklessly!
You are too injured to fight recklessly!
You are too injured to fight recklessly!
You completely miss Edmund.
Edmund is moderately wounded.
Edmund hits you with a +2 dire flail of holy wrath.
* * * LOW HITPOINT WARNING * * *
You hit Edmund but do no damage.
Edmund is moderately wounded.
You block Edmund's attack.
You slash Edmund!
Edmund is heavily wounded.
Edmund hits you with a +2 dire flail of holy wrath.
* * * LOW HITPOINT WARNING * * *
Edmund closely misses you.
You slash Edmund!
Edmund is almost dead.
Edmund hits you with a +2 dire flail of holy wrath.
* * * LOW HITPOINT WARNING * * *
You hit Edmund.
Edmund is almost dead.
Edmund closely misses you.
You slice Edmund!!
You kill Edmund!
You block the ogre's attack.
Your Axes skill gained 2 levels and is now at level 6!
You have reached level 4!
You have reached level 5!
You closely miss the ogre. You slash the ogre!
The ogre is moderately wounded.
The ogre hits you with a +0 giant club!
You die...

#. * * # #.* ##.# *
#.####...#*##### *
#.#..<.# #.....
#†#.#### #...O..
#.<.# .......
###..######!.@....
###.........#.......
* , *
#........).@#.......,
,
...#........†O....^..
* .#
#................. ,
,
............#.......
* ~
###.................
###########.......
.>..... , ....... *
#....$. *


You could see an ogre.

Vanquished Creatures
  Edmund (D:4)
  A white imp (D:4)
  2 dart slugs
  A ball python (D:1)
  3 endoplasms
  A giant cockroach (D:4)
  2 goblins
  3 kobolds (D:1)
  A frilled lizard (D:1)
  3 rats
18 creatures vanquished.

Notes
Turn   | Place    | Note
-------+----------+-------------------------------------------
     0 | D:1      | rlgrobin the Meteoran Fighter began the quest for the Orb.
     0 | D:1      | Reached XP level 1. HP: 19/19 MP: 2/2
    60 | D:1      | Reached skill level 3 in Axes
    60 | D:1      | Reached XP level 2. HP: 22/26 MP: 3/3
   111 | D:2      | Found a glowing silver altar of Zin.
   127 | D:2      | Became a worshipper of Zin the Law-Giver
   209 | D:3      | Found Sikhev's Antique Armour Boutique.
   275 | D:3      | Reached XP level 3. HP: 31/31 MP: 4/4
   285 | D:4      | Reached * piety under Zin
   292 | D:4      | Reached skill level 4 in Axes
   292 | D:4      | Noticed Edmund
   295 | D:4      | Noticed an ogre
   308 | D:4      | HP: 1/31 [Edmund/+2 dire flail of holy wrath (1)]
   310 | D:4      | Killed Edmund
   311 | D:4      | Reached skill level 6 in Axes
   311 | D:4      | Reached XP level 4. HP: 3/38 MP: 5/5
   311 | D:4      | Reached XP level 5. HP: 3/45 MP: 6/6
   312 | D:4      | Mangled by an ogre

Illustrated notes

Levels and vault maps discovered:
D:1:      roderic_chinese_lattice_arrival, layout_basic,
          ebering_ecumenical_altar_rust, minivault_4
D:2:      layout_loops_corners, basic_altar
D:3:      layout_basic, nicolae_dithmenos_the_darkroom, serial_shops,
          shop_fountains
D:4:      layout_rooms, kennysheep_orc_sif_temple, uniq_edmund

Skill      XL: |  1  2  3 |
---------------+----------+-----
Axes           | 3 6 |  6.3
Fighting       | |  3.2
Armour         | |  3.6
Shields        | |  3.6

Action                     |  1- 3 |  4- 6 || total
---------------------------+-------+-------++-------
  Melee: War axe           |    48 |     2 ||    50
    Use: Potion            |     1 |       ||     1
 Armour: Scale mail        |    14 |       ||    14
  Dodge: Dodged            |    22 |       ||    22
  Block: Buckler           |    11 |       ||    11

Table legend: (Time is in decaauts)
 A = Elapsed time spent in this place.
 B = Non-inter-level travel time spent in this place.
 C = Inter-level travel time spent in this place.
 D = Time resting spent in this place.
 E = Time spent auto-exploring this place.
 F = Levels seen in this place.
 G = Mean time per level.
                   A        B        C        D        E       F      G
               +--------+--------+--------+--------+--------+-----+--------+
         Total |    329 |    329 |      0 |      0 |      0 |   4 |   82.2 |
       Dungeon |    329 |    329 |      0 |      0 |      0 |   4 |   82.2 |
               +--------+--------+--------+--------+--------+-----+--------+

Top non-repeatable levels by time:
     D:1: 119 daAuts
     D:3: 90 daAuts
     D:2: 75 daAuts
     D:4: 44 daAuts
